 Dungeon Crawl Stone Soup version 0.24-a0-201-gf205589 (webtiles) character file.

Game seed: 9497214783513843787

1606 vulsuck the Stinger (level 8, -3/54 HPs)
             Began as a Demonspawn Venom Mage on Mar 25, 2019.
             Was a Follower of Ashenzari.
             Slain by a water moccasin (5 damage)
             ... on level 6 of the Dungeon.
             The game lasted 00:32:46 (6625 turns).

vulsuck the Stinger (Demonspawn Venom Mage)         Turns: 6625, Time: 00:32:46

Health: -3/54      AC:  6    Str: 15    XL:     8   Next: 63%
Magic:  16/20      EV: 11    Int: 18    God:    Ashenzari [*.....]
Gold:   188        SH:  0    Dex: 13    Spells: 5/11 levels left

rFire    . . .     SeeInvis .   v - +0 trident
rCold    . . .     Gourm    .   (no shield)
rNeg     + . .     Faith    .   j - -2 ring mail (curse)
rPois    .         Spirit   .   E - +0 helmet (curse)
rElec    .         Reflect  .   (no cloak)
rCorr    .         Harm     .   (no gloves)
MR       .....                  q - +0 pair of boots (curse)
Stlth    +.........             (no amulet)
HPRegen  0.18/turn              e - ring of magical power (curse)
MPRegen  0.17/turn              f - ring of positive energy

@: mighty, lethally poisoned (-3 -> -22)
A: rugged brown scales 1, powered by pain 2, rot immunity
a: Curse Item, Scrying, Renounce Religion


You were on level 6 of the Dungeon.
You worshipped Ashenzari.
Ashenzari was aware of your devotion.
You were not hungry.

You visited 2 branches of the dungeon, and saw 7 of its levels.

You collected 188 gold pieces.

Inventory:

Hand Weapons
 i - a +0 hunting sling
 m - a +0 dagger of protection
 v - a +0 trident (weapon)
Missiles
 b - 168 stones (quivered)
 g - 88 sling bullets
Armour
 a - a +0 robe
 j - a cursed -2 ring mail (worn)
 o - a +2 buckler
 q - a cursed +0 pair of boots (worn)
 E - a cursed +0 helmet (worn)
Jewellery
 e - a cursed ring of magical power (left hand)
 f - a ring of positive energy (right hand)
 w - an uncursed ring of flight
Wands
 d - a wand of polymorph (2)
Scrolls
 k - 3 scrolls of amnesia
 n - a scroll of magic mapping {unknown}
 p - a scroll of blinking {unknown}
 t - a scroll of enchant armour {unknown}
 x - 3 scrolls of fear {unknown}
 y - a scroll of remove curse
 C - a scroll of immolation {unknown}
 D - a scroll of identify
Potions
 h - a potion of magic {unknown}
 l - a potion of flight
 r - a potion of curing
 s - a potion of invisibility
 u - a potion of heal wounds
 z - 2 potions of berserk rage {unknown}
 A - 2 potions of lignification
 B - 2 potions of agility {unknown}
Comestibles
 c - 7 rations
 F - 2 chunks of flesh


   Skills:
 + Level 0.5 Fighting
 + Level 2.0 Dodging
 - Level 1.7 Stealth
 - Level 2.0 Spellcasting
 - Level 6.0 Conjurations
 - Level 2.0 Necromancy
 - Level 5.2 Air Magic
 - Level 7.1 Poison Magic


You had 5 spell levels left.
You knew the following spells:

 Your Spells              Type           Power        Failure   Level  Hunger
b - Poisonous Vapours     Pois/Air       ###...       4%          2    ###....
c - Mephitic Cloud        Conj/Pois/Air  ###.....     9%          3    ###....
d - Animate Skeleton      Necr           N/A          16%         1    #......

Your spell library contained the following spells:

 Spells                   Type           Power        Failure   Level  Hunger
 Sting                    Conj/Pois      ####         2%          1    #......
 Pain                     Necr           #...         16%         1    #......
 Olgreb's Toxic Radiance  Pois           ####....     19%         4    #####..
 Vampiric Draining        Necr           #.........   43%         3    ###....
 Venom Bolt               Conj/Pois      ####......   54%         5    ######.
 Regeneration             Chrm/Necr      #.........   56%         3    ###....
 Animate Dead             Necr           N/A          83%         4    #####..


Dungeon Overview and Level Annotations

Branches:
Dungeon (6/15)             Temple (1/1) D:4

Altars:
Ashenzari
Cheibriados
Dithmenos
Fedhas
Gozag
Hepliaklqana
Nemelex Xobeh
Okawaru
Qazlal
Ru
Sif Muna
Trog
Uskayaw
Vehumet
Wu Jian
Xom
Yredelemnul
Zin
The Shining One

Shops:
D:6 *

Annotations:
D:1 exclusion: 2 oozes
D:4 1 runed translucent door, exclusion: door, Grinder


Innate Abilities, Weirdness & Mutations

You are partially covered in rugged brown scales. (AC +1, +3% HP)
You sometimes gain power by taking damage.
You are immune to rotting.


Message History

The water moccasin is severely wounded.
You feel sick. The water moccasin barely misses you.
Duvessa closely misses the water moccasin.
The water moccasin bites you.
You miss the water moccasin.
The water moccasin is severely wounded.
You feel sick. The water moccasin bites you!
* * * LOW HITPOINT WARNING * * *
You are more poisoned.
The water moccasin poisons you!
Duvessa hits the water moccasin with a +0 short sword.
The water moccasin bites Duvessa.
You closely miss the water moccasin.
The water moccasin is severely wounded.
* * * LOW HITPOINT WARNING * * *
You feel sick. The water moccasin bites you!
* * * LOW HITPOINT WARNING * * *
Duvessa closely misses the water moccasin.
The water moccasin bites you.
You die...

##...#
#.).##
##...##
##...## .#
##...# ##.##
#...##.[.. #
##...#e..
#.#
#.!.#..#.).#
#.@Z#.e.Z#
##S##..#
#.)..#
####..#
#...# ####


You could see a water moccasin and the friendly Duvessa the elf skeleton.

Vanquished Creatures
  A moth of wrath (D:2)
  Duvessa (D:6)
  An orc warrior (D:6)
  A sky beast (D:5)
  An ogre (D:5)
  Dowan (D:6)
  A howler monkey (D:4)
  A crimson imp (D:6)
  2 bullfrog zombies
  2 centaur zombies (D:5)
  3 orc priests
  A centaur skeleton (D:3)
  9 orc wizards
  Jessica (D:2)
  A bullfrog skeleton (D:4)
  A worker ant (D:5)
  3 adders
  An adder skeleton (D:4)
  2 worms (D:2)
  3 dart slugs
  19 orcs
  6 bats
  A giant cockroach (D:3)
  9 goblins
  5 hobgoblins
  8 jackals
  6 kobolds
  2 quokkas
  2 ball pythons
  3 frilled lizards
  A leopard gecko skeleton (D:6)
  9 rats
108 creatures vanquished.

Vanquished Creatures (collateral kills)
  An orc priest (D:4)
  An orc wizard (D:4)
  Terence (D:3)
  3 orcs
6 creatures vanquished.

Grand Total: 114 creatures vanquished

Notes
Turn   | Place    | Note
-------+----------+-------------------------------------------
     0 | D:1      | vulsuck the Demonspawn Venom Mage began the quest for the
                  | Orb.
     0 | D:1      | Reached XP level 1. HP: 13/13 MP: 3/3
   441 | D:1      | Gained mutation: You are immune to rotting. [demonic
                  | ancestry]
   441 | D:1      | Reached XP level 2. HP: 19/19 MP: 5/5
   445 | D:1      | Learned a level 2 spell: Poisonous Vapours
  1074 | D:2      | Noticed Jessica
  1116 | D:2      | Reached skill level 1 in Air Magic
  1116 | D:2      | Gained mutation: You are partially covered in rugged brown
                  | scales. (AC +1, +3% HP) [demonic ancestry]
  1116 | D:2      | Reached XP level 3. HP: 12/24 MP: 4/6
  1441 | D:2      | Killed Jessica
  1441 | D:2      | Reached skill level 4 in Poison Magic
  1494 | D:2      | Learned a level 3 spell: Mephitic Cloud
  1548 | D:2      | Found a snail-covered altar of Cheibriados.
  1571 | D:2      | Reached XP level 4. HP: 30/30 MP: 7/7
  1782 | D:2      | Noticed a moth of wrath
  1785 | D:2      | Found a bloodstained altar of Trog.
  2010 | D:2      | Killed a moth of wrath
  2010 | D:2      | Reached skill level 5 in Poison Magic
  2010 | D:2      | Gained mutation: You sometimes gain a little power by
                  | taking damage. [demonic ancestry]
  2010 | D:2      | Reached XP level 5. HP: 36/36 MP: 3/8
  2010 | D:2      | Reached XP level 6. HP: 42/42 MP: 3/9
  2239 | D:3      | Found a shattered altar of Ashenzari.
  2249 | D:3      | Became a worshipper of Ashenzari the Shackled
  2791 | D:3      | Found a shadowy altar of Dithmenos.
  2852 | D:3      | Reached XP level 7. HP: 32/47 MP: 10/10
  3053 | D:3      | Learned a level 1 spell: Animate Skeleton
  3211 | D:3      | Noticed Terence
  3218 | D:3      | Killed Terence
  3734 | D:4      | Found a staircase to the Ecumenical Temple.
  3743 | Temple   | Entered the Ecumenical Temple
  4183 | D:4      | Found a glowing silver altar of Zin.
  4184 | D:4      | Found a runed translucent door.
  4184 | D:4      | Noticed an angel
  4218 | D:4      | Noticed Grinder
  4444 | D:4      | Found a hazy altar of Hepliaklqana.
  4449 | D:4      | Found a bloodstained altar of Trog.
  4450 | D:4      | Found a hide-covered altar of Uskayaw.
  4646 | D:4      | Reached skill level 6 in Poison Magic
  4759 | D:5      | Entered Level 5 of the Dungeon
  4908 | D:5      | Reached skill level 5 in Conjurations
  4981 | D:5      | Gained mutation: You sometimes gain power by taking damage.
                  | [demonic ancestry]
  4981 | D:5      | Reached XP level 8. HP: 37/53 MP: 11/11
  4987 | D:5      | Found a sacrificial altar of Ru.
  5330 | D:5      | Reached skill level 5 in Air Magic
  5584 | D:5      | Found an opulent altar of Gozag.
  5595 | D:5      | Reached * piety under Ashenzari
  6441 | D:6      | Found Hedix's General Store.
  6519 | D:6      | Reached skill level 1 in Necromancy
  6571 | D:6      | Noticed Duvessa
  6571 | D:6      | Noticed Dowan
  6587 | D:6      | Killed Dowan
  6587 | D:6      | Reached skill level 7 in Poison Magic
  6600 | D:6      | Killed Duvessa
  6625 | D:6      | HP: 2/54 [water moccasin (7)]
  6625 | D:6      | Slain by a water moccasin

Levels and vault maps discovered:
D:1:      erik_arrival_gehennom, layout_basic, corexii_corridor_pit
D:2:      layout_rooms, kennysheep_slug_shrine, minmay_misc_feat_alley,
          tgw_trog, uniq_jessica
D:3:      layout_loops_ring, grunt_dithmenos_smoke_and_mirrors,
          ashenzari_altar_1, uniq_terence
D:4:      layout_loops_corners, minitemple, minmay_temple_entry_overgrown,
          lemuel_angel_altar, uniq_grinder
D:5:      layout_rooms, grunt_gozag_statues, first_ration,
          nicolae_ru_awakened_eye
D:6:      layout_loops_cross, gammafunk_temple_overflow_statue, serial_shops,
          shop, eino_curves_02, uniq_duvessa
Temple:   minmay_temple_curvy_loop

Skill      XL: |  1  2  3  4  5  6  7  8 |
---------------+-------------------------+-----
Air Magic      | 1 3 4 5 |  5.2
Poison Magic   | 4 5 6 7 |  7.1
Conjurations   | 3 5 6 |  6.0
Necromancy     | 2 |  2.0
Dodging        | 2 |  2.0
Fighting       | |  0.5
Stealth        | |  1.7
Spellcasting   | |  2.0

Action                   |  1- 3 |  4- 6 |  7- 9 || total
-------------------------+-------+-------+-------++-------
Melee: Unarmed           |    10 |       |       ||    10
       Dagger            |     8 |    20 |    13 ||    41
       Trident           |       |       |   200 ||   200
Throw: Stone             |     1 |       |    21 ||    22
 Cast: Sting             |     9 |       |     1 ||    10
       Poisonous Vapours |    26 |    51 |    90 ||   167
       Mephitic Cloud    |       |     1 |     2 ||     3
       Animate Skeleton  |       |       |    16 ||    16
Invok: Curse Item        |       |       |     1 ||     1
  Use: Scroll            |       |       |     7 ||     7
       Potion            |       |       |     2 ||     2
 Stab: Sleeping          |     1 |       |       ||     1
  Eat: Chunk             |     4 |     7 |    10 ||    21
       Ration            |       |       |     3 ||     3
Armor: Robe              |     2 |     6 |     8 ||    16
       Ring mail         |       |       |    71 ||    71
Dodge: Dodged            |    14 |    13 |   125 ||   152

Table legend:
 A = Non-vault XP
 B = Vault XP
 C = Vault XP percentage of total XP
 D = Non-vault monster count
 E = Vault monster count
 F = Vault count percentage of total count
                 A         B        C        D         E       F
            +---------+---------+-------+---------+---------+-------
      Total |    1495 |     800 |  34.9 |     100 |      14 |  12.3
            +---------+---------+-------+---------+---------+-------
        D:1 |      27 |       5 |  15.6 |      17 |       3 |  15.0
        D:2 |      35 |     566 |  94.2 |       7 |       8 |  53.3
        D:3 |     240 |      31 |  11.4 |      34 |       1 |   2.9
        D:4 |     257 |       0 |   0.0 |      13 |       0 |   0.0
        D:5 |     717 |       0 |   0.0 |      25 |       0 |   0.0
        D:6 |     219 |     198 |  47.5 |       4 |       2 |  33.3
            +---------+---------+-------+---------+---------+-------
